 Dungeon Crawl Stone Soup version 0.27-a0-1196-g3e9cee4cb2 (webtiles) character file.

Game seed: 6407973078426791408

4337 pilgrim the Archer (level 10, -4/64 HPs)
             Began as a Deep Elf Hunter on May 28, 2021.
             Was a Priest of Okawaru.
             Slain by a boulder beetle (8 damage)
             ... on level 7 of the Dungeon.
             The game lasted 00:51:14 (13376 turns).

pilgrim the Archer (Deep Elf Hunter)               Turns: 13376, Time: 00:51:15

Health: -4/64      AC:  4    Str: 12    XL:     10   Next: 12%
Magic:  12/12      EV: 20    Int: 17    God:    Okawaru [***...]
Gold:   285        SH:  0    Dex: 15    Spells: 9/9 levels left

rFire    + + .     SeeInvis .   a - +3 shortbow
rCold    . . .     Faith    .   (shield currently unavailable)
rNeg     . . .     Spirit   .   o - +1 robe {rF+}
rPois    .         Reflect  .   (no helmet)
rElec    .         Harm     .   (no cloak)
rCorr    .         Rampage  .   p - +0 pair of gloves
Will     +....                  (no boots)
Stlth    ++........             (no amulet)
HPRegen  0.20/turn              y - +4 ring of evasion
MPRegen  0.13/turn              v - ring of protection from fire

@: no status effects
A: no striking features
a: Renounce Religion, Heroism


You were on level 7 of the Dungeon.
You worshipped Okawaru.
Okawaru was most pleased with you.
You visited 2 branches of the dungeon, and saw 10 of its levels.

You collected 434 gold pieces.
You spent 149 gold pieces at shops.

Inventory:

Hand Weapons
 a - a +3 shortbow (weapon)
 b - a +5 trident
Missiles
 d - 56 arrows (quivered ammo)
 g - 10 atropa-tipped darts
 w - 3 throwing nets
 A - a curare-tipped dart
Armour
 c - a +0 leather armour
 k - a +1 pair of gloves
 o - a +1 robe of fire resistance (worn)
 p - a +0 pair of gloves (worn)
 u - the +0 chain mail of the Eleven Things {Drain rC+ rN+}
   (You found it on level 4 of the Dungeon)

   It protects you from cold.
   It protects you from negative energy.
   It drains your maximum health when unequipped.
Jewellery
 v - a ring of protection from fire (right hand)
 y - a +4 ring of evasion (left hand)
 z - a ring of protection from cold
Wands
 n - a wand of flame (42)
 t - a wand of mindburst (7)
 B - a wand of charming (11)
Scrolls
 e - 3 scrolls of immolation
 f - a scroll of teleportation
 q - a scroll of blinking {unknown}
Potions
 h - a potion of attraction {unknown}
 i - a potion of curing
 j - a potion of might {unknown}
 l - a potion of invisibility {unknown}
 m - a potion of flight {unknown}
 r - 2 potions of brilliance {unknown}
 s - a potion of magic {unknown}
 x - a potion of mutation {unknown}
 C - a potion of resistance {unknown}


   Skills:
 + Level 8.0 Fighting
 + Level 12.8 Bows
 + Level 7.9 Dodging
 - Level 3.0 Stealth


You had 9 spell levels left.
You didn't know any spells.
Your spell library was empty.

Dungeon Overview and Level Annotations

Branches:
Dungeon (9/15)             Temple (1/1) D:5            Lair (0/6) D:8
    Orc: D:9-12

Altars:
Ashenzari
Elyvilon
Fedhas
Gozag
Kikubaaqudgha
Makhleb
Okawaru
Qazlal
Ru
Sif Muna
Trog
Uskayaw
Vehumet
Xom
Yredelemnul
Zin
The Shining One

Shops:
D:3 !   D:7 *=

Annotations:
D:5 exclusion: steam dragon
D:6 exclusion: black bear
D:8 Psyche
D:9 1 exclusion


Message History

You shoot an arrow.
The arrow hits the boulder beetle but does no damage.
The boulder beetle is lightly wounded.
The boulder beetle leaps!
Aiming: Mindburst
Press: ? - help, Shift-Dir - straight line, f/p - boulder beetle
Aim: a boulder beetle (lightly wounded, chance to affect: 48%)
The boulder beetle resists with some effort.
Aiming: Mindburst
Press: ? - help, Shift-Dir - straight line, f/p - boulder beetle
Aim: a boulder beetle (lightly wounded, chance to affect: 48%)
The boulder beetle resists with some effort.
Aiming: Mindburst
Press: ? - help, Shift-Dir - straight line, f/p - boulder beetle
Aim: a boulder beetle (lightly wounded, chance to affect: 48%)
The boulder beetle's mind is blasted!
Aiming: Mindburst
Press: ? - help, Shift-Dir - straight line, f/p - boulder beetle
Aim: a boulder beetle (moderately wounded, chance to affect: 48%)
The boulder beetle's mind is blasted!
The boulder beetle waves its antennae.
Aiming: Mindburst
Press: ? - help, Shift-Dir - straight line, f/p - boulder beetle
Aim: a boulder beetle (heavily wounded, chance to affect: 48%)
The boulder beetle's mind is blasted!
Aiming: Mindburst
Press: ? - help, Shift-Dir - straight line, f/p - boulder beetle
Aim: a boulder beetle (severely wounded, chance to affect: 48%)
The boulder beetle resists with some effort.
The boulder beetle curls into a ball and begins rolling!
The boulder beetle hits you!!!
Ouch! That really hurt!
* * * LOW HITPOINT WARNING * * *
The boulder beetle stops rolling and uncurls.
The boulder beetle curls into a ball and begins rolling!
Okay, then.
Okay, then.
Okay, then.
The boulder beetle hits you!
You die...

....... #...######.. .......#
##.### # ........# #...#
.........## ###...## .#
..........## ###...(..### ...
...........###.......(..#### #..
..................°...(....####..
...# #.....[..B.....(.........
### ##...###.@.......((....... #
#...## ##................# ##...#
##...............# # #...##
##............... #######)..#
##.............. .......))##
##.....#....... .........#
#...#####..... .........# #..##
###... #######...# #...# ##..


You could see a boulder beetle (rolling).

Vanquished Creatures
  A wyvern (D:7)
  2 steam dragons (D:7)
  4 ice beasts
  3 orc warriors
  4 necrophages
  3 ogres
  9 centaurs
  2 kobold brigands (D:7)
  A scorpion (D:6)
  2 bullfrogs
  A gnoll sergeant (D:6)
  A wyvern zombie (D:7)
  A water moccasin skeleton (D:6)
  8 wights
  5 howler monkeys
  A centaur zombie (D:7)
  2 centaur skeletons
  2 orc priests
  3 hounds
  An iguana (D:4)
  6 orc wizards
  A killer bee zombie (D:6)
  A hound zombie (D:5)
  21 gnolls
  6 adders
  A shadow imp (D:7)
  A white imp (D:6)
  2 ufetubi
  An adder skeleton (D:4)
  4 worms
  A dart slug (D:1)
  35 orcs
  4 endoplasms
  5 giant cockroaches
  8 goblins
  8 hobgoblins
  14 jackals
  13 kobolds
  A quokka (D:3)
  5 ball pythons
  4 bats
  6 frilled lizards
  3 rats
  6 bushes (D:4)
213 creatures vanquished.

Vanquished Creatures (others)
  A sky beast (D:7)
  3 plants (D:4)
4 creatures vanquished.

Grand Total: 217 creatures vanquished

Notes
Turn   | Place    | Note
-------+----------+-------------------------------------------
     0 | D:1      | pilgrim the Deep Elf Hunter began the quest for the Orb.
     0 | D:1      | Reached XP level 1. HP: 12/12 MP: 3/3
   420 | D:1      | Reached XP level 2. HP: 17/17 MP: 4/4
   796 | D:1      | Found a faded altar of an unknown god.
   939 | D:2      | Reached XP level 3. HP: 21/21 MP: 5/5
  1838 | D:2      | Reached XP level 4. HP: 25/26 MP: 6/6
  1902 | D:2      | Reached skill level 6 in Bows
  2656 | D:3      | Found Ageos's Distillery.
  2672 | D:3      | Reached XP level 5. HP: 32/32 MP: 7/7
  2703 | D:3      | Bought a potion of degeneration for 11 gold pieces
  2703 | D:3      | Bought a potion of curing for 33 gold pieces
  3364 | D:4      | Identified the +0 chain mail of the Eleven Things {Drain
                  | rC+ rN+}
  3450 | D:4      | Reached skill level 7 in Bows
  3582 | D:4      | Reached XP level 6. HP: 37/37 MP: 8/8
  4237 | D:4      | Reached skill level 8 in Bows
  4621 | D:3      | Reached XP level 7. HP: 31/44 MP: 9/9
  6137 | D:5      | Entered Level 5 of the Dungeon
  6470 | D:5      | Noticed a steam dragon
  6517 | D:5      | Reached skill level 9 in Bows
  6930 | D:5      | Found a staircase to the Ecumenical Temple.
  6940 | Temple   | Entered the Ecumenical Temple
  6976 | Temple   | Became a worshipper of Warmaster Okawaru
  7016 | D:5      | Reached skill level 5 in Fighting
  7544 | D:6      | Reached XP level 8. HP: 50/50 MP: 10/10
  7696 | D:6      | Reached skill level 10 in Bows
  7714 | D:6      | Reached * piety under Okawaru
  8359 | D:5      | Reached skill level 11 in Bows
  9176 | D:6      | Reached ** piety under Okawaru
  9177 | D:6      | Reached XP level 9. HP: 54/56 MP: 11/11
  9232 | D:6      | Reached skill level 5 in Dodging
  9269 | D:7      | Found Vetiyl's Jewellery Shoppe.
 10151 | D:7      | Identified the +12 short sword of Terror {vorpal, rF+ rN+
                  | Str+3}
 10363 | D:8      | Noticed Psyche
 10386 | D:8      | Found a staircase to the Lair.
 10647 | D:8      | Noticed a boulder beetle
 10755 | D:7      | Found a shimmering blue altar of Sif Muna.
 11092 | D:7      | Reached skill level 12 in Bows
 11099 | D:7      | Reached *** piety under Okawaru
 11613 | D:8      | Noticed a two-headed ogre
 12230 | D:9      | Reached XP level 10. HP: 64/64 MP: 12/12
 13235 | D:7      | Found Cisunliw's General Store.
 13245 | D:7      | Bought a scroll of enchant weapon for 105 gold pieces
 13376 | D:7      | Slain by a boulder beetle

Illustrated notes

Levels and vault maps discovered:
D:1:      dpeg_arrival_long_road, layout_rooms,
          shapermc_ecumenical_altar_mp_ritualfount
D:2:      minmay_spotlight, layout_basic, minmay_tripent
D:3:      wander_river, layout_loops_corners, serial_shops,
          nicolae_shop_waterfront
D:4:      lemuel_castle_with_subvaults [lemuel_castle_interior_carwin_3],
          layout_gridville, serial_forest, infiniplex_forest_clump_tiny,
          infiniplex_forest_clump_curved, infiniplex_forest_lined_2,
          infiniplex_forest_end_2, infiniplex_forest_lined_1
D:5:      minmay_chambers_of_fours, layout_loops_ring,
          minmay_temple_entry_overgrown
D:6:      nicolae_whirlpool, layout_gridville, hangedman_decor_diamond_cutter
D:7:      layout_layer_cave, serial_shops, shop,
          minmay_shop_enchanted_jewellery, minmay_ruined_shrine
D:8:      layout_basic, grunt_nemelex_the_gamble, lair_entry_dummy, uniq_psyche
D:9:      layout_basic
Temple:   dpeg_three_leaves_temple

Skill      XL: |  1  2  3  4  5  6  7  8  9 10 |
---------------+-------------------------------+-----
Stealth        | 2 3 |  3.0
Fighting       | 2 3 4 5 6 7 8 |  8.0
Dodging        | 3 4 7 |  7.9
Bows           | 6 7 8 9 11 12 | 12.8

Action                   |  1- 3 |  4- 6 |  7- 9 | 10-12 || total
-------------------------+-------+-------+-------+-------++-------
Melee: Quarterstaff      |    12 |    21 |   521 |       ||   554
       Trident           |       |       |     2 |       ||     2
 Fire: Shortbow          |   104 |   248 |   558 |   102 ||  1012
Evoke: Wand              |       |     4 |       |     6 ||    10
  Use: Potion            |     1 |       |     6 |       ||     7
       Scroll            |       |       |    13 |     1 ||    14
Armor: Leather armour    |     8 |       |       |       ||     8
       Robe              |       |    14 |    26 |     3 ||    43
Dodge: Dodged            |    23 |    53 |   211 |    27 ||   314

Table legend: (Time is in decaauts)
 A = Elapsed time spent in this place.
 B = Non-inter-level travel time spent in this place.
 C = Inter-level travel time spent in this place.
 D = Time resting spent in this place.
 E = Time spent auto-exploring this place.
 F = Levels seen in this place.
 G = Mean time per level.
                   A        B        C        D        E       F      G
               +--------+--------+--------+--------+--------+-----+--------+
         Total |  13426 |  12544 |    882 |    333 |   9038 |  10 | 1342.6 |
       Dungeon |  13379 |  12513 |    866 |    333 |   9010 |   9 | 1486.6 |
        Temple |     46 |     30 |     16 |      0 |     28 |   1 |   46.0 |
               +--------+--------+--------+--------+--------+-----+--------+

Top non-repeatable levels by time:
     D:4: 2897 daAuts
     D:6: 2121 daAuts
     D:3: 1741 daAuts
     D:8: 1627 daAuts
     D:7: 1220 daAuts
     D:5: 1208 daAuts
     D:2: 1062 daAuts
     D:1: 884 daAuts
     D:9: 616 daAuts
  Temple: 46 daAuts
